Map: Port Aleksander LE

Players

Lambo - Winner!

  • Race: Zerg Zerg
  • Spawn Location: 11:00

PtitDrogo

  • Race: Protoss Protoss
  • League: Master
  • Spawn Location: 5:00

Event: 2019 WCS Winter Europe

VOD

Have the link to the VOD?

Description

Time

  • Played on: April 7, 2019, 12:05 p.m.
  • Length: 8:14

All games in this series

Show
View Real Time Build Order
Export as new Build Order

Lambo Zerg - Winner!

Build Orders: Hatch First, Swarm Host 

Get SALT Encoding   

  12  0:00  Drone  
  13  0:12  Overlord  
  13  0:18  Drone  
  14  0:31  Drone x2  
  16  0:49  Hatchery  
  15  0:53  Drone  
  15  0:57  Drone  
  17  1:00  Drone  
  18  1:11  Extractor  
  17  1:16  Spawning Pool  
  16  1:19  Drone  
  16  1:22  Drone  
  18  1:28  Drone  
  19  1:38  Drone  
  20  1:51  Overlord  
  20  2:02  Queen x2  
  20  2:03  Zergling x4  
  26  2:12  Drone x2  
  26  2:14  Metabolic Boost  
  28  2:21  Drone  
  29  2:26  Drone  
  30  2:39  Queen, Drone  
  30  2:40  Drone  
  30  2:44  Overlord  
  34  2:52  Lair  
  34  2:54  Drone  
  34  2:57  Drone  
  36  3:03  Drone  
  36  3:04  Drone  
  37  3:10  Zergling x2  
  37  3:11  Drone x2  
  37  3:12  Drone  
  41  3:17  Overlord  
  41  3:20  Queen  
  41  3:25  Extractor  
  42  3:27  Extractor, Drone  
  42  3:28  Drone  
  43  3:37  Drone x3  
  43  3:40  Drone  
  47  3:42  Extractor  
  47  3:43  Drone x4  
  47  3:48  Drone  
  51  3:52  Infestation Pit  
  51  3:53  Drone  
  51  4:02  Drone, Spore Crawler  
  51  4:04  Overlord  
  51  4:12  Overlord  
  51  4:22  Drone x5  
  56  4:27  Nydus Network  
  56  4:28  Overlord  
  55  4:38  Swarm Host x3  
  51  4:41  Drone  
  51  4:42  Drone  
  51  4:45  Swarm Host  
  62  4:49  Swarm Host  
  68  4:53  Swarm Host  
  68  4:57  Swarm Host  
  74  5:02  Overlord  
  74  5:08  Nydus Canal  
  74  5:09  Overlord  
  74  5:11  Overlord  
  74  5:12  Overlord  
  74  5:17  Overlord  
  74  5:19  Swarm Host  
  76  5:25  Swarm Host  
  79  5:30  Swarm Host  
  79  5:31  Swarm Host  
  79  5:33  Swarm Host  
  87  5:39  Nydus Canal  
  87  5:40  Swarm Host  
  90  5:49  Swarm Host  
  93  5:51  Overlord  
  93  5:52  Queen  
  93  5:56  Nydus Canal  
  95  5:58  Zergling x6  
  95  6:00  Swarm Host  
  101  6:07  Swarm Host  
  104  6:13  Swarm Host  
  107  6:21  Zergling x2, Overlord  
  107  6:22  Zergling x10  
  107  6:25  Swarm Host  
  115  6:30  Drone  
  114  6:41  Swarm Host x3  
  114  6:42  Overlord  
  114  6:46  Nydus Canal  
  123  7:00  Nydus Canal  
  122  7:04  Swarm Host x2  
  122  7:05  Queen  
  130  7:08  Overlord  
  130  7:10  Queen  
  130  7:13  Swarm Host  
  130  7:25  Swarm Host  
  130  7:28  Swarm Host  
  129  7:33  Swarm Host  
  129  7:36  Zergling x6  
  134  7:38  Swarm Host  
  134  7:44  Nydus Canal  
  137  7:48  Zergling x6  
  140  7:53  Overlord  
  140  7:56  Overlord  
Show
View Real Time Build Order
Export as new Build Order

PtitDrogo Protoss 

Build Orders: 1 Gate Expand, Oracle Opening 

Get SALT Encoding   

  12  0:00  Probe  
  13  0:12  Probe  
  14  0:20  Pylon  
  14  0:25  Probe  
  15  0:29  Assimilator  
  15  0:35  Probe  
  16  0:43  Probe  
  16  0:44  Gateway  
  17  0:52  Probe  
  18  1:04  Probe  
  19  1:16  Probe  
  20  1:25  Nexus  
  20  1:34  Cybernetics Core  
  20  1:37  Probe  
  21  1:43  Assimilator  
  21  1:49  Probe  
  21  1:53  Pylon  
  22  2:01  Probe  
  22  2:02  Adept  
  23  2:13  Probe  
  26  2:16  Stargate  
  26  2:21  Warp Gate  
  26  2:26  Probe  
  27  2:33  Probe  
  27  2:34  Probe, Stalker  
  29  2:41  Probe  
  29  2:42  Probe  
  32  2:51  Probe  
  32  2:52  Oracle  
  32  2:58  Probe  
  34  3:04  Probe  
  38  3:10  Probe  
  38  3:11  Pylon  
  39  3:16  Probe  
  40  3:21  Oracle  
  40  3:22  Probe  
  41  3:28  Probe  
  41  3:32  Assimilator  
  41  3:34  Assimilator  
  45  3:39  Probe  
  46  3:41  Probe, Gateway  
  47  3:51  Probe  
  47  3:53  Probe  
  49  3:57  Robotics Facility  
  49  4:02  Pylon  
  49  4:03  Probe  
  49  4:05  Probe  
  49  4:07  Pylon  
  49  4:09  Zealot  
  53  4:15  Probe  
  54  4:20  Probe  
  54  4:22  Nexus  
  55  4:24  Oracle  
  55  4:27  Probe  
  56  4:44  Gateway x2  
  56  4:49  Stalker x2  
  56  4:50  Immortal  
  60  4:56  Pylon  
  63  5:12  Stalker x2  
  67  5:14  Probe  
  68  5:22  Immortal  
  68  5:34  Probe  
  68  5:35  Shield Battery  
  71  5:36  Probe, Shield Battery  
  71  5:37  Shield Battery  
  71  5:38  Probe  
  67  5:44  Stalker  
  67  5:49  Stalker x2  
  73  5:58  Probe x3  
  73  6:00  Immortal  
  73  6:04  Sentry  
  78  6:10  Probe x2  
  80  6:14  Probe  
  85  6:20  Twilight Council  
  85  6:22  Probe  
  86  6:29  Immortal  
  85  6:41  Assimilator  
  85  6:42  Assimilator  
  83  6:50  Nexus  
  81  7:05  Pylon  
  81  7:09  Pylon  
  75  7:22  Gateway  
  75  7:23  Probe x2, Gateway  
  75  7:25  Void Ray, Gateway  
  67  7:32  Zealot x2  
  67  7:35  Probe x2  
  71  7:42  Gateway  
  71  7:43  Pylon  
  71  7:47  Probe x2, Pylon  
  71  7:48  Pylon  
  73  7:54  Sentry x2  
Tags
 
Add a new tag
Caveats
  • Supply blocks, unpowered buildings, or Contaminate may cause inaccurate times.
  • Supply counts are checked every 10 seconds.